Connexion

Crunch vs Roadrunners

Created - 14 mars 2024 at 05:54

Goals
1 2 3 T
Crunch 2 1 0 3
Roadrunners 1 2 2 5
Shots
1 2 3 T
Crunch 17 16 10 43
Roadrunners 10 11 9 30

GoalsPenalties
1st period
1. Crunch , Kody Clark 24 (Mike Vecchione 26) at 1:18
2. Crunch , Mike Vecchione 29 (Kody Clark 26, Xavier Bouchard 33) at 7:48
3. Roadrunners , Gabriel Dumont 27 (Taylor Fedun 22, Kevin Roy 19) at 19:01
Mac Hollowell (TUC) for Roughing (Minor) at 4:58
Calvin Pickard (TUC) for Slashing (Minor) at 5:06 - Beau Starret served the penalty.
Gabriel Dumont (TUC) for Roughing (Minor) at 14:04
Blake McLaughlin (SYR) for Holding (Minor) at 19:17
2nd period
4. Roadrunners , Beau Starret 6 (Drake Caggiula 43, Brad Hunt 54) at 2:56
5. Crunch , Garnet Hathaway 13 (Austin Strand 35, Mason Shaw 46) at 10:36
6. Roadrunners , Drake Caggiula 37 (Roland McKeown 14) at 17:08
Mac Hollowell (TUC) for Roughing (Minor) at 4:02
Mac Hollowell (TUC) for Holding (Minor) at 12:21
Garnet Hathaway (SYR) for High sticking (Minor) at 13:36
3rd period
7. Roadrunners , Scott Wilson 33 (Nicolas Hague 35, Aleksi Saarela 40) at 18:58
8. Roadrunners , Drake Caggiula 38 (Mac Hollowell 47, Anthony Greco 50) at 19:23
No Penalty
Goalie Stats
Anthony Stolarz (SYR), 25 saves from 30 shots - (0,833), L, 34-22-4, 60:00 minutes
Calvin Pickard (TUC), 40 saves from 43 shots - (0,930), W, 29-20-4, 60:00 minutes
3 StarsOfficial
1 - Drake Caggiula (TUC)
2 - Beau Starret (TUC)
3 - Brad Hunt (TUC)
Referees : Kerry Fraser and Dan O'Halloran
Linesman : Steve Barton and Brad Lazarowich
Game Note
No Game Note
Finance
Level 1 -- Attendance: 2000 (100,00%) -- Ticket Income $70,000
Level 2 -- Attendance: 892 (89,20%) -- Ticket Income $17,840
Total Attendance: 2892 (96,40%)
Total Ticket Income: $87,840
Other Income: $17,568
Total Income: $105,408



Team Name Goals Shots Shots Attemp Shots Blocked PIM HIT PP PK FO%
Crunch 3437894160 / 5 (0%)053%
Roadrunners 530611510250 / 2 (0%)047%

Crunch
Player Name POS G A P +/- PIM HIT SHT SB MP PP MP PP SHT PK MP PK SHT FO% FOT
Austin StrandD011-2002023:444:3121:0700% 0
Axel AnderssonD000-2011220:512:4902:0700% 0
Blaine ByronC/LW0000004016:583:4220:000100% 1
Blake McLaughlinC/LW000020007:410:0000:00020% 10
Connor CorcoranD000-2010120:512:4902:0700% 0
Garnet HathawayRW101-3246019:503:3720:2300% 0
Jaycob MegnaD000-2022123:444:3121:0700% 0
Jean-Christophe BeaudinC/RW0000005117:483:4230:5000% 1
Kody ClarkRW1121014012:150:2100:0000% 0
Mason ShawC/LW011-3003019:073:1700:0000% 2
Mike VecchioneC/RW1121014112:210:0000:27047% 15
Mikko KokkonenD0002050015:250:0000:0000% 0
Nicolas Aube-KubelRW000000208:030:2100:0000% 2
Patrick HarperC/LW0001002111:540:0000:0000% 0
Paul BittnerLW000001107:420:0000:0000% 2
Riley NashC000-3003022:153:1712:24072% 32
Thomas TynanC0000004020:063:4232:24062% 21
Xavier BouchardD0112000215:250:0000:0000% 0
Roadrunners
Player Name POS G A P +/- PIM HIT SHT SB MP PP MP PP SHT PK MP PK SHT FO% FOT
Adam ErneLW/RW0001011015:110:0001:33033% 6
Aleksi SaarelaC/LW011-2003020:311:4002:08041% 27
Anthony GrecoLW/RW0113013021:171:3404:13050% 2
Beau Starret C/LW1013021023:551:3403:16041% 29
Brad HuntD0112031425:472:1604:4800% 0
Drake CaggiulaC/LW/RW2133015117:591:3401:3900% 0
Gabriel DumontC/RW1011216013:370:0000:00067% 15
Justin KirklandC/LW/RW000001003:350:0000:00050% 4
Kevin RoyLW/RW0111000013:380:0000:000100% 1
Kole LindRW000000203:350:0000:0000% 0
Lane PedersonC000000000:000:0000:0000% 0
Mac HollowellD0112642220:582:1610:4600% 0
Nic DowdC/RW000-2051018:231:4000:00050% 2
Nicolas HagueD0110020120:340:5803:0900% 0
Paul LadueD0000010315:000:0000:0000% 0
Roland McKeownD0110020419:520:5802:2700% 0
Scott WilsonC/LW101-2004018:231:4000:0000% 0
Taylor FedunD0110011017:460:0003:3000% 0



Play-by-Play

1st period


0:01 of 1st period - Beau Starret wins face-off versus Riley Nash in neutral zone.
1:12 of 1st period - Shot by Blaine Byron.
1:12 of 1st period - Deflect By Jean-Christophe Beaudin.
1:12 of 1st period - Shot Misses the Net.
1:14 of 1st period - Shot by Jean-Christophe Beaudin.
1:14 of 1st period - Stopped by Calvin Pickard without a rebound.
1:15 of 1st period - Mike Vecchione wins face-off versus Aleksi Saarela in Roadrunners zone.
1:18 of 1st period - Shot by Kody Clark.
1:18 of 1st period - Goal by Kody Clark - Crunch : 1 - Roadrunners : 0.
1:19 of 1st period - Aleksi Saarela wins face-off versus Mike Vecchione in neutral zone.
1:42 of 1st period - Shot by Aleksi Saarela.
1:42 of 1st period - Stopped by Anthony Stolarz with a rebound.
1:44 of 1st period - Shot by Scott Wilson.
1:44 of 1st period - Stopped by Anthony Stolarz with a rebound.
1:58 of 1st period - Shot by Nic Dowd.
1:58 of 1st period - Shot Blocked by Patrick Harper.
2:08 of 1st period - Shot by Gabriel Dumont.
2:08 of 1st period - Stopped by Anthony Stolarz with a rebound.
2:10 of 1st period - Shot by Adam Erne.
2:10 of 1st period - Deflect By Kevin Roy.
2:10 of 1st period - Shot Misses the Net.
2:57 of 1st period - Icing by Brad Hunt.
2:58 of 1st period - Justin Kirkland wins face-off versus Thomas Tynan in Roadrunners zone.
3:03 of 1st period - Jean-Christophe Beaudin is hit by Justin Kirkland and loses puck.
3:08 of 1st period - Shot by Brad Hunt.
3:08 of 1st period - Shot Blocked by Axel Andersson.
3:10 of 1st period - Shot by Kole Lind.
3:10 of 1st period - Shot Blocked by Jean-Christophe Beaudin.
3:16 of 1st period - Shot by Kole Lind.
3:16 of 1st period - Stopped by Anthony Stolarz without a rebound.
3:17 of 1st period - Riley Nash wins face-off versus Aleksi Saarela in Crunch zone.
4:19 of 1st period - Shot by Nicolas Aube-Kubel.
4:19 of 1st period - Stopped by Calvin Pickard without a rebound.
4:20 of 1st period - Thomas Tynan wins face-off versus Beau Starret in Roadrunners zone.
4:35 of 1st period - Shot by Blaine Byron.
4:35 of 1st period - Deflect By Jean-Christophe Beaudin.
4:35 of 1st period - Stopped by Calvin Pickard without a rebound.
4:36 of 1st period - Blake McLaughlin wins face-off versus Gabriel Dumont in Roadrunners zone.
4:45 of 1st period - Shot by Gabriel Dumont.
4:45 of 1st period - Stopped by Anthony Stolarz without a rebound.
4:46 of 1st period - Thomas Tynan wins face-off versus Beau Starret in Crunch zone.
4:58 of 1st period - Minor Penalty to Mac Hollowell for Roughing.
4:59 of 1st period - Riley Nash wins face-off versus Anthony Greco in Roadrunners zone.
5:06 of 1st period - Shot by Austin Strand.
5:06 of 1st period - Stopped by Calvin Pickard without a rebound.
5:06 of 1st period - Minor Penalty to Calvin Pickard for Slashing.
5:07 of 1st period - Adam Erne wins face-off versus Riley Nash in Roadrunners zone.
5:15 of 1st period - Off-side.
5:16 of 1st period - Riley Nash wins face-off versus Adam Erne in neutral zone.
5:23 of 1st period - Shot by Riley Nash.
5:23 of 1st period - Stopped by Calvin Pickard with a rebound.
5:25 of 1st period - Shot by Jaycob Megna.
5:25 of 1st period - Stopped by Calvin Pickard without a rebound.
5:26 of 1st period - Adam Erne wins face-off versus Thomas Tynan in Roadrunners zone.
5:35 of 1st period - Shot by Blaine Byron.
5:35 of 1st period - Shot Misses the Net.
5:37 of 1st period - Shot by Jaycob Megna.
5:37 of 1st period - Stopped by Calvin Pickard without a rebound.
5:38 of 1st period - Riley Nash wins face-off versus Adam Erne in Roadrunners zone.
5:39 of 1st period - Shot by Axel Andersson.
5:39 of 1st period - Deflect By Garnet Hathaway.
5:39 of 1st period - Stopped by Calvin Pickard without a rebound.
5:40 of 1st period - Riley Nash wins face-off versus Adam Erne in Roadrunners zone.
7:16 of 1st period - Shot by Kole Lind.
7:16 of 1st period - Stopped by Anthony Stolarz without a rebound.
7:17 of 1st period - Aleksi Saarela wins face-off versus Mike Vecchione in Crunch zone.
7:20 of 1st period - Shot by Nicolas Hague.
7:20 of 1st period - Shot Blocked by Xavier Bouchard.
7:33 of 1st period - Kody Clark is hit by Roland McKeown and loses puck.
7:42 of 1st period - Shot by Kody Clark.
7:42 of 1st period - Shot Misses the Net.
7:44 of 1st period - Shot by Xavier Bouchard.
7:44 of 1st period - Shot Misses the Net.
7:46 of 1st period - Shot by Kody Clark.
7:46 of 1st period - Shot Blocked by Roland McKeown.
7:48 of 1st period - Shot by Mike Vecchione.
7:48 of 1st period - Goal by Mike Vecchione - Crunch : 2 - Roadrunners : 0.
7:49 of 1st period - Riley Nash wins face-off versus Beau Starret in neutral zone.
9:13 of 1st period - Shot by Blaine Byron.
9:13 of 1st period - Stopped by Calvin Pickard without a rebound.
9:14 of 1st period - Gabriel Dumont wins face-off versus Blake McLaughlin in Roadrunners zone.
9:49 of 1st period - Mac Hollowell is hit by Paul Bittner and loses puck.
10:19 of 1st period - Shot by Mike Vecchione.
10:19 of 1st period - Stopped by Calvin Pickard without a rebound.
10:20 of 1st period - Aleksi Saarela wins face-off versus Riley Nash in Roadrunners zone.
10:20 of 1st period - Aleksi Saarela is hit by Garnet Hathaway.
10:44 of 1st period - Shot by Mason Shaw.
10:44 of 1st period - Shot Misses the Net.
10:46 of 1st period - Shot by Garnet Hathaway.
10:46 of 1st period - Shot Misses the Net.
10:48 of 1st period - Shot by Garnet Hathaway.
10:48 of 1st period - Stopped by Calvin Pickard with a rebound.
10:50 of 1st period - Shot by Riley Nash.
10:50 of 1st period - Deflect By Mason Shaw.
10:50 of 1st period - Shot Misses the Net.
10:58 of 1st period - Nic Dowd is hit by Garnet Hathaway and loses puck.
11:33 of 1st period - Shot by Justin Kirkland.
11:33 of 1st period - Shot Misses the Net.
11:42 of 1st period - Off-side.
11:43 of 1st period - Gabriel Dumont wins face-off versus Nicolas Aube-Kubel in neutral zone.
12:55 of 1st period - Shot by Garnet Hathaway.
12:55 of 1st period - Shot Blocked by Nicolas Hague.
13:49 of 1st period - Shot by Thomas Tynan.
13:49 of 1st period - Shot Blocked by Mac Hollowell.
14:04 of 1st period - Minor Penalty to Gabriel Dumont for Roughing.
14:05 of 1st period - Thomas Tynan wins face-off versus Adam Erne in Roadrunners zone.
14:10 of 1st period - Shot by Thomas Tynan.
14:10 of 1st period - Stopped by Calvin Pickard without a rebound.
14:11 of 1st period - Blaine Byron wins face-off versus Beau Starret in Roadrunners zone.
14:14 of 1st period - Shot by Jean-Christophe Beaudin.
14:14 of 1st period - Stopped by Calvin Pickard without a rebound.
14:15 of 1st period - Anthony Greco wins face-off versus Thomas Tynan in Roadrunners zone.
14:24 of 1st period - Shot by Thomas Tynan.
14:24 of 1st period - Stopped by Calvin Pickard with a rebound.
14:26 of 1st period - Shot by Thomas Tynan.
14:26 of 1st period - Stopped by Calvin Pickard with a rebound.
15:17 of 1st period - Garnet Hathaway is hit by Brad Hunt and loses puck.
16:12 of 1st period - Shot by Kevin Roy.
16:12 of 1st period - Deflect By Gabriel Dumont.
16:12 of 1st period - Stopped by Anthony Stolarz without a rebound.
16:13 of 1st period - Kevin Roy wins face-off versus Paul Bittner in Crunch zone.
16:14 of 1st period - Shot by Taylor Fedun.
16:14 of 1st period - Shot Misses the Net.
16:43 of 1st period - Shot by Gabriel Dumont.
16:43 of 1st period - Stopped by Anthony Stolarz without a rebound.
16:44 of 1st period - Thomas Tynan wins face-off versus Aleksi Saarela in Crunch zone.
17:10 of 1st period - Icing by Brad Hunt.
17:11 of 1st period - Mike Vecchione wins face-off versus Aleksi Saarela in Roadrunners zone.
17:51 of 1st period - Shot by Patrick Harper.
17:51 of 1st period - Shot Misses the Net.
18:59 of 1st period - Shot by Gabriel Dumont.
18:59 of 1st period - Shot Blocked by Connor Corcoran.
19:01 of 1st period - Shot by Gabriel Dumont.
19:01 of 1st period - Goal by Gabriel Dumont - Crunch : 2 - Roadrunners : 1.
19:02 of 1st period - Gabriel Dumont wins face-off versus Thomas Tynan in neutral zone.
19:11 of 1st period - Shot by Adam Erne.
19:11 of 1st period - Shot Blocked by Xavier Bouchard.
19:13 of 1st period - Shot by Gabriel Dumont.
19:13 of 1st period - Deflect By Adam Erne.
19:13 of 1st period - Stopped by Anthony Stolarz without a rebound.
19:14 of 1st period - Blake McLaughlin wins face-off versus Aleksi Saarela in Crunch zone.
19:17 of 1st period - Minor Penalty to Blake McLaughlin for Holding.
19:18 of 1st period - Riley Nash wins face-off versus Aleksi Saarela in Crunch zone.
Goals for this period are 2 for Crunch vs 1 for Roadrunners.
Shots for this period are 17 for Crunch vs 10 for Roadrunners.

2nd period


0:01 of 2nd period - Riley Nash wins face-off versus Beau Starret in neutral zone.
1:14 of 2nd period - Shot by Scott Wilson.
1:14 of 2nd period - Deflect By Aleksi Saarela.
1:14 of 2nd period - Shot Blocked by Axel Andersson.
1:38 of 2nd period - Shot by Mike Vecchione.
1:38 of 2nd period - Stopped by Calvin Pickard with a rebound.
1:40 of 2nd period - Shot by Mike Vecchione.
1:40 of 2nd period - Shot Misses the Net.
1:42 of 2nd period - Shot by Kody Clark.
1:42 of 2nd period - Stopped by Calvin Pickard without a rebound.
1:43 of 2nd period - Aleksi Saarela wins face-off versus Nicolas Aube-Kubel in Roadrunners zone.
1:50 of 2nd period - Shot by Nic Dowd.
1:50 of 2nd period - Stopped by Anthony Stolarz without a rebound.
1:51 of 2nd period - Aleksi Saarela wins face-off versus Blake McLaughlin in Crunch zone.
1:52 of 2nd period - Shot by Scott Wilson.
1:52 of 2nd period - Stopped by Anthony Stolarz without a rebound.
1:53 of 2nd period - Riley Nash wins face-off versus Aleksi Saarela in Crunch zone.
1:55 of 2nd period - Icing by Austin Strand.
1:56 of 2nd period - Riley Nash wins face-off versus Aleksi Saarela in Crunch zone.
2:16 of 2nd period - Shot by Aleksi Saarela.
2:16 of 2nd period - Shot Misses the Net.
2:18 of 2nd period - Shot by Aleksi Saarela.
2:18 of 2nd period - Shot Misses the Net.
2:56 of 2nd period - Shot by Drake Caggiula.
2:56 of 2nd period - Deflect By Beau Starret .
2:56 of 2nd period - Goal by Beau Starret - Crunch : 2 - Roadrunners : 2.
2:57 of 2nd period - Gabriel Dumont wins face-off versus Thomas Tynan in neutral zone.
4:02 of 2nd period - Minor Penalty to Mac Hollowell for Roughing.
4:03 of 2nd period - Beau Starret wins face-off versus Riley Nash in Roadrunners zone.
4:03 of 2nd period - Beau Starret is hit by Garnet Hathaway.
4:10 of 2nd period - Icing by Jaycob Megna.
4:11 of 2nd period - Riley Nash wins face-off versus Beau Starret in Crunch zone.
4:16 of 2nd period - Brad Hunt is hit by Garnet Hathaway.
5:07 of 2nd period - Shot by Axel Andersson.
5:07 of 2nd period - Shot Blocked by Roland McKeown.
5:09 of 2nd period - Shot by Axel Andersson.
5:09 of 2nd period - Shot Blocked by Roland McKeown.
5:11 of 2nd period - Shot by Jean-Christophe Beaudin.
5:11 of 2nd period - Stopped by Calvin Pickard with a rebound.
5:13 of 2nd period - Shot by Jean-Christophe Beaudin.
5:13 of 2nd period - Deflect By Blaine Byron.
5:13 of 2nd period - Stopped by Calvin Pickard without a rebound.
5:14 of 2nd period - Aleksi Saarela wins face-off versus Thomas Tynan in Roadrunners zone.
5:52 of 2nd period - Off-side.
5:53 of 2nd period - Beau Starret wins face-off versus Riley Nash in neutral zone.
6:15 of 2nd period - Shot by Patrick Harper.
6:15 of 2nd period - Shot Misses the Net.
6:17 of 2nd period - Shot by Mike Vecchione.
6:17 of 2nd period - Shot Misses the Net.
6:19 of 2nd period - Shot by Kody Clark.
6:19 of 2nd period - Deflect By Patrick Harper.
6:19 of 2nd period - Stopped by Calvin Pickard with a rebound.
6:23 of 2nd period - Shot by Kody Clark.
6:23 of 2nd period - Shot Blocked by Paul Ladue.
6:25 of 2nd period - Shot by Mike Vecchione.
6:25 of 2nd period - Shot Misses the Net.
6:27 of 2nd period - Shot by Mike Vecchione.
6:27 of 2nd period - Deflect By Kody Clark.
6:27 of 2nd period - Stopped by Calvin Pickard with a rebound.
6:29 of 2nd period - Shot by Patrick Harper.
6:29 of 2nd period - Shot Misses the Net.
7:08 of 2nd period - Blake McLaughlin is hit by Nic Dowd.
7:19 of 2nd period - Aleksi Saarela is hit by Jaycob Megna and loses puck.
8:00 of 2nd period - Shot by Drake Caggiula.
8:00 of 2nd period - Stopped by Anthony Stolarz without a rebound.
8:01 of 2nd period - Thomas Tynan wins face-off versus Justin Kirkland in Crunch zone.
8:01 of 2nd period - Thomas Tynan is hit by Beau Starret .
8:06 of 2nd period - Icing by Blaine Byron.
8:07 of 2nd period - Thomas Tynan wins face-off versus Beau Starret in Crunch zone.
8:26 of 2nd period - Drake Caggiula is hit by Mikko Kokkonen and loses puck.
8:37 of 2nd period - Shot by Anthony Greco.
8:37 of 2nd period - Shot Misses the Net.
8:43 of 2nd period - Shot by Drake Caggiula.
8:43 of 2nd period - Stopped by Anthony Stolarz without a rebound.
8:44 of 2nd period - Riley Nash wins face-off versus Gabriel Dumont in Crunch zone.
8:54 of 2nd period - Icing by Kevin Roy.
8:55 of 2nd period - Mike Vecchione wins face-off versus Gabriel Dumont in Roadrunners zone.
8:59 of 2nd period - Kody Clark is hit by Roland McKeown and loses puck.
9:06 of 2nd period - Kody Clark is hit by Adam Erne and loses puck.
9:11 of 2nd period - Shot by Adam Erne.
9:11 of 2nd period - Shot Misses the Net.
9:40 of 2nd period - Icing by Axel Andersson.
9:41 of 2nd period - Beau Starret wins face-off versus Mike Vecchione in Crunch zone.
10:00 of 2nd period - Anthony Greco is hit by Connor Corcoran and loses puck.
10:07 of 2nd period - Shot by Drake Caggiula.
10:07 of 2nd period - Stopped by Anthony Stolarz without a rebound.
10:08 of 2nd period - Riley Nash wins face-off versus Aleksi Saarela in Crunch zone.
10:08 of 2nd period - Riley Nash is hit by Nic Dowd.
10:14 of 2nd period - Mason Shaw is hit by Nic Dowd and loses puck.
10:32 of 2nd period - Shot by Mason Shaw.
10:32 of 2nd period - Shot Misses the Net.
10:34 of 2nd period - Shot by Austin Strand.
10:34 of 2nd period - Shot Blocked by Paul Ladue.
10:36 of 2nd period - Shot by Garnet Hathaway.
10:36 of 2nd period - Goal by Garnet Hathaway - Crunch : 3 - Roadrunners : 2.
10:37 of 2nd period - Thomas Tynan wins face-off versus Beau Starret in neutral zone.
10:37 of 2nd period - Xavier Bouchard is hit by Anthony Greco and loses puck.
10:44 of 2nd period - Shot by Drake Caggiula.
10:44 of 2nd period - Shot Misses the Net.
11:00 of 2nd period - Shot by Thomas Tynan.
11:00 of 2nd period - Deflect By Blaine Byron.
11:00 of 2nd period - Shot Blocked by Brad Hunt.
11:31 of 2nd period - Icing by Jaycob Megna.
11:32 of 2nd period - Aleksi Saarela wins face-off versus Mason Shaw in Crunch zone.
11:48 of 2nd period - Shot by Aleksi Saarela.
11:48 of 2nd period - Stopped by Anthony Stolarz without a rebound.
11:49 of 2nd period - Gabriel Dumont wins face-off versus Mike Vecchione in Crunch zone.
11:50 of 2nd period - Shot by Taylor Fedun.
11:50 of 2nd period - Stopped by Anthony Stolarz without a rebound.
11:51 of 2nd period - Riley Nash wins face-off versus Aleksi Saarela in Crunch zone.
11:51 of 2nd period - Riley Nash is hit by Nic Dowd.
11:56 of 2nd period - Austin Strand is hit by Nicolas Hague and loses puck.
12:11 of 2nd period - Shot by Mason Shaw.
12:11 of 2nd period - Deflect By Garnet Hathaway.
12:11 of 2nd period - Stopped by Calvin Pickard with a rebound.
12:13 of 2nd period - Shot by Riley Nash.
12:13 of 2nd period - Stopped by Calvin Pickard without a rebound.
12:14 of 2nd period - Thomas Tynan wins face-off versus Beau Starret in Roadrunners zone.
12:14 of 2nd period - Blaine Byron is hit by Mac Hollowell.
12:21 of 2nd period - Minor Penalty to Mac Hollowell for Holding.
12:22 of 2nd period - Thomas Tynan wins face-off versus Beau Starret in Roadrunners zone.
12:32 of 2nd period - Thomas Tynan is hit by Brad Hunt and loses puck.
12:53 of 2nd period - Shot by Blaine Byron.
12:53 of 2nd period - Stopped by Calvin Pickard with a rebound.
12:55 of 2nd period - Shot by Jean-Christophe Beaudin.
12:55 of 2nd period - Stopped by Calvin Pickard without a rebound.
12:56 of 2nd period - Riley Nash wins face-off versus Beau Starret in Roadrunners zone.
13:17 of 2nd period - Shot by Garnet Hathaway.
13:17 of 2nd period - Stopped by Calvin Pickard without a rebound.
13:18 of 2nd period - Thomas Tynan wins face-off versus Aleksi Saarela in Roadrunners zone.
13:25 of 2nd period - Shot by Jean-Christophe Beaudin.
13:25 of 2nd period - Shot Misses the Net.
13:35 of 2nd period - Shot by Austin Strand.
13:35 of 2nd period - Stopped by Calvin Pickard without a rebound.
13:36 of 2nd period - Beau Starret wins face-off versus Mason Shaw in Roadrunners zone.
13:36 of 2nd period - Minor Penalty to Garnet Hathaway for High sticking.
13:37 of 2nd period - Beau Starret wins face-off versus Riley Nash in Crunch zone.
13:48 of 2nd period - Shot by Axel Andersson.
13:48 of 2nd period - Stopped by Calvin Pickard without a rebound.
13:49 of 2nd period - Riley Nash wins face-off versus Beau Starret in Roadrunners zone.
13:56 of 2nd period - Shot by Riley Nash.
13:56 of 2nd period - Stopped by Calvin Pickard without a rebound.
13:57 of 2nd period - Riley Nash wins face-off versus Beau Starret in Roadrunners zone.
15:00 of 2nd period - Shot by Nic Dowd.
15:00 of 2nd period - Shot Misses the Net.
15:14 of 2nd period - Shot by Mac Hollowell.
15:14 of 2nd period - Stopped by Anthony Stolarz without a rebound.
15:15 of 2nd period - Mike Vecchione wins face-off versus Beau Starret in Crunch zone.
15:43 of 2nd period - Icing by Paul Bittner.
15:44 of 2nd period - Gabriel Dumont wins face-off versus Paul Bittner in Crunch zone.
15:50 of 2nd period - Icing by Xavier Bouchard.
15:51 of 2nd period - Aleksi Saarela wins face-off versus Blake McLaughlin in Crunch zone.
15:57 of 2nd period - Icing by Xavier Bouchard.
15:58 of 2nd period - Aleksi Saarela wins face-off versus Blake McLaughlin in Crunch zone.
16:12 of 2nd period - Mac Hollowell is hit by Mikko Kokkonen and loses puck.
16:21 of 2nd period - Shot by Paul Bittner.
16:21 of 2nd period - Stopped by Calvin Pickard with a rebound.
16:46 of 2nd period - Mac Hollowell is hit by Jaycob Megna and loses puck.
17:08 of 2nd period - Shot by Drake Caggiula.
17:08 of 2nd period - Goal by Drake Caggiula - Crunch : 3 - Roadrunners : 3.
17:09 of 2nd period - Thomas Tynan wins face-off versus Gabriel Dumont in neutral zone.
17:26 of 2nd period - Shot by Thomas Tynan.
17:26 of 2nd period - Shot Blocked by Paul Ladue.
17:47 of 2nd period - Kevin Roy is hit by Axel Andersson and loses puck.
18:16 of 2nd period - Shot by Anthony Greco.
18:16 of 2nd period - Shot Misses the Net.
19:05 of 2nd period - Shot by Nic Dowd.
19:05 of 2nd period - Deflect By Scott Wilson.
19:05 of 2nd period - Stopped by Anthony Stolarz without a rebound.
19:06 of 2nd period - Gabriel Dumont wins face-off versus Blake McLaughlin in Crunch zone.
19:19 of 2nd period - Shot by Xavier Bouchard.
19:19 of 2nd period - Shot Misses the Net.
Goals for this period are 1 for Crunch vs 2 for Roadrunners.
Shots for this period are 16 for Crunch vs 11 for Roadrunners.

3rd period


0:01 of 3rd period - Beau Starret wins face-off versus Riley Nash in neutral zone.
0:04 of 3rd period - Shot by Drake Caggiula.
0:04 of 3rd period - Shot Misses the Net.
0:23 of 3rd period - Shot by Mason Shaw.
0:23 of 3rd period - Shot Blocked by Brad Hunt.
1:30 of 3rd period - Off-side.
1:31 of 3rd period - Nic Dowd wins face-off versus Mike Vecchione in neutral zone.
1:36 of 3rd period - Icing by Mike Vecchione.
1:37 of 3rd period - Mike Vecchione wins face-off versus Aleksi Saarela in Crunch zone.
1:59 of 3rd period - Shot by Scott Wilson.
1:59 of 3rd period - Shot Misses the Net.
2:01 of 3rd period - Shot by Aleksi Saarela.
2:01 of 3rd period - Stopped by Anthony Stolarz without a rebound.
2:02 of 3rd period - Riley Nash wins face-off versus Gabriel Dumont in Crunch zone.
2:21 of 3rd period - Shot by Mason Shaw.
2:21 of 3rd period - Stopped by Calvin Pickard without a rebound.
2:22 of 3rd period - Thomas Tynan wins face-off versus Aleksi Saarela in Roadrunners zone.
3:48 of 3rd period - Icing by Austin Strand.
3:49 of 3rd period - Riley Nash wins face-off versus Beau Starret in Crunch zone.
3:58 of 3rd period - Shot by Garnet Hathaway.
3:58 of 3rd period - Stopped by Calvin Pickard without a rebound.
3:59 of 3rd period - Mike Vecchione wins face-off versus Beau Starret in Roadrunners zone.
4:21 of 3rd period - Icing by Mac Hollowell.
4:22 of 3rd period - Beau Starret wins face-off versus Thomas Tynan in Roadrunners zone.
4:42 of 3rd period - Thomas Tynan is hit by Brad Hunt and loses puck.
4:45 of 3rd period - Shot by Thomas Tynan.
4:45 of 3rd period - Deflect By Jean-Christophe Beaudin.
4:45 of 3rd period - Shot Misses the Net.
4:53 of 3rd period - Shot by Thomas Tynan.
4:53 of 3rd period - Stopped by Calvin Pickard without a rebound.
4:54 of 3rd period - Riley Nash wins face-off versus Aleksi Saarela in Roadrunners zone.
5:13 of 3rd period - Shot by Aleksi Saarela.
5:13 of 3rd period - Shot Misses the Net.
5:51 of 3rd period - Kody Clark is hit by Nic Dowd and loses puck.
6:18 of 3rd period - Shot by Mike Vecchione.
6:18 of 3rd period - Stopped by Calvin Pickard with a rebound.
7:37 of 3rd period - Shot by Anthony Greco.
7:37 of 3rd period - Stopped by Anthony Stolarz without a rebound.
7:38 of 3rd period - Riley Nash wins face-off versus Justin Kirkland in Crunch zone.
7:38 of 3rd period - Mason Shaw is hit by Beau Starret and loses puck.
8:14 of 3rd period - Riley Nash is hit by Mac Hollowell and loses puck.
8:37 of 3rd period - Nic Dowd is hit by Kody Clark and loses puck.
9:35 of 3rd period - Blaine Byron is hit by Gabriel Dumont and loses puck.
9:41 of 3rd period - Austin Strand is hit by Paul Ladue and loses puck.
9:57 of 3rd period - Icing by Xavier Bouchard.
9:58 of 3rd period - Beau Starret wins face-off versus Blake McLaughlin in Crunch zone.
9:58 of 3rd period - Nicolas Hague is hit by Mikko Kokkonen and loses puck.
10:25 of 3rd period - Nicolas Aube-Kubel is hit by Drake Caggiula.
10:55 of 3rd period - Shot by Mason Shaw.
10:55 of 3rd period - Stopped by Calvin Pickard without a rebound.
10:56 of 3rd period - Aleksi Saarela wins face-off versus Thomas Tynan in Roadrunners zone.
11:22 of 3rd period - Shot by Scott Wilson.
11:22 of 3rd period - Shot Blocked by Jaycob Megna.
11:29 of 3rd period - Thomas Tynan is hit by Mac Hollowell.
11:36 of 3rd period - Jean-Christophe Beaudin is hit by Mac Hollowell and loses puck.
11:44 of 3rd period - Icing by Aleksi Saarela.
11:45 of 3rd period - Riley Nash wins face-off versus Aleksi Saarela in Roadrunners zone.
12:02 of 3rd period - Shot by Mason Shaw.
12:02 of 3rd period - Shot Blocked by Brad Hunt.
12:04 of 3rd period - Shot by Garnet Hathaway.
12:04 of 3rd period - Shot Blocked by Mac Hollowell.
12:20 of 3rd period - Shot by Garnet Hathaway.
12:20 of 3rd period - Shot Misses the Net.
12:22 of 3rd period - Shot by Garnet Hathaway.
12:22 of 3rd period - Shot Blocked by Brad Hunt.
12:41 of 3rd period - Shot by Patrick Harper.
12:41 of 3rd period - Stopped by Calvin Pickard without a rebound.
12:42 of 3rd period - Gabriel Dumont wins face-off versus Blake McLaughlin in Roadrunners zone.
12:59 of 3rd period - Shot by Gabriel Dumont.
12:59 of 3rd period - Stopped by Anthony Stolarz with a rebound.
13:07 of 3rd period - Shot by Nicolas Aube-Kubel.
13:07 of 3rd period - Stopped by Calvin Pickard without a rebound.
13:08 of 3rd period - Thomas Tynan wins face-off versus Beau Starret in Roadrunners zone.
13:08 of 3rd period - Thomas Tynan is hit by Nicolas Hague.
13:33 of 3rd period - Beau Starret is hit by Mikko Kokkonen and loses puck.
13:40 of 3rd period - Shot by Anthony Greco.
13:40 of 3rd period - Stopped by Anthony Stolarz without a rebound.
13:41 of 3rd period - Gabriel Dumont wins face-off versus Riley Nash in Crunch zone.
14:02 of 3rd period - Shot by Mason Shaw.
14:02 of 3rd period - Stopped by Calvin Pickard without a rebound.
14:03 of 3rd period - Justin Kirkland wins face-off versus Mike Vecchione in Roadrunners zone.
14:42 of 3rd period - Nicolas Hague is hit by Mike Vecchione and loses puck.
15:00 of 3rd period - Icing by Austin Strand.
15:01 of 3rd period - Riley Nash wins face-off versus Aleksi Saarela in Crunch zone.
15:26 of 3rd period - Shot by Aleksi Saarela.
15:26 of 3rd period - Shot Misses the Net.
15:28 of 3rd period - Shot by Nic Dowd.
15:28 of 3rd period - Shot Misses the Net.
15:30 of 3rd period - Shot by Brad Hunt.
15:30 of 3rd period - Shot Misses the Net.
15:32 of 3rd period - Shot by Scott Wilson.
15:32 of 3rd period - Shot Misses the Net.
15:34 of 3rd period - Shot by Mac Hollowell.
15:34 of 3rd period - Shot Misses the Net.
15:36 of 3rd period - Shot by Mac Hollowell.
15:36 of 3rd period - Stopped by Anthony Stolarz without a rebound.
15:37 of 3rd period - Gabriel Dumont wins face-off versus Jean-Christophe Beaudin in Crunch zone.
15:37 of 3rd period - Paul Ladue is hit by Mikko Kokkonen and loses puck.
15:58 of 3rd period - Shot by Blaine Byron.
15:58 of 3rd period - Stopped by Calvin Pickard without a rebound.
15:59 of 3rd period - Beau Starret wins face-off versus Mike Vecchione in Roadrunners zone.
16:04 of 3rd period - Shot by Kody Clark.
16:04 of 3rd period - Stopped by Calvin Pickard with a rebound.
16:06 of 3rd period - Shot by Mike Vecchione.
16:06 of 3rd period - Shot Blocked by Roland McKeown.
16:08 of 3rd period - Shot by Kody Clark.
16:08 of 3rd period - Shot Blocked by Drake Caggiula.
17:19 of 3rd period - Shot by Riley Nash.
17:19 of 3rd period - Shot Misses the Net.
17:58 of 3rd period - Blaine Byron is hit by Taylor Fedun and loses puck.
18:41 of 3rd period - Shot by Brad Hunt.
18:41 of 3rd period - Stopped by Anthony Stolarz without a rebound.
18:42 of 3rd period - Mike Vecchione wins face-off versus Nic Dowd in Crunch zone.
18:56 of 3rd period - Shot by Scott Wilson.
18:56 of 3rd period - Shot Blocked by Mike Vecchione.
18:58 of 3rd period - Shot by Scott Wilson.
18:58 of 3rd period - Goal by Scott Wilson - Crunch : 3 - Roadrunners : 4.
18:59 of 3rd period - Beau Starret wins face-off versus Blake McLaughlin in neutral zone.
19:02 of 3rd period - Shot by Anthony Greco.
19:02 of 3rd period - Shot Misses the Net.
19:08 of 3rd period - Shot by Anthony Greco.
19:08 of 3rd period - Stopped by Anthony Stolarz without a rebound.
19:09 of 3rd period - Beau Starret wins face-off versus Riley Nash in Crunch zone.
19:10 of 3rd period - Shot by Anthony Greco.
19:10 of 3rd period - Shot Misses the Net.
19:12 of 3rd period - Shot by Anthony Greco.
19:12 of 3rd period - Shot Misses the Net.
19:23 of 3rd period - Shot by Drake Caggiula.
19:23 of 3rd period - Goal by Drake Caggiula - Crunch : 3 - Roadrunners : 5.
19:24 of 3rd period - Aleksi Saarela wins face-off versus Mike Vecchione in neutral zone.
19:27 of 3rd period - Shot by Aleksi Saarela.
19:27 of 3rd period - Shot Misses the Net.
19:39 of 3rd period - Shot by Patrick Harper.
19:39 of 3rd period - Shot Misses the Net.
Goals for this period are 0 for Crunch vs 2 for Roadrunners.
Shots for this period are 10 for Crunch vs 9 for Roadrunners.